 Dungeon Crawl Stone Soup version 0.28-a0-1510-gd0f6b136d3 (webtiles) character file.

Game seed: 10058534207857500374

189 sanka the Magician (level 5, -9/43 HPs)
             Began as a Gnoll Wanderer on Jan 15, 2022.
             Killed by divine providence
             ... invoked by an orc priest
              (11 damage)
             ... on level 4 of the Dungeon.
             The game lasted 00:04:23 (4079 turns).

sanka the Magician (Gnoll Wanderer)                 Turns: 4079, Time: 00:04:26

Health: -9/43      AC:  4    Str: 11    XL:     5   Next: 68%
Magic:  20/23      EV: 11    Int: 10    God:
Gold:   189        SH:  5    Dex: 15    Spells: 17/18 levels left

rFire   . . .      SeeInvis .   a - +7 dagger of Gluttony {freeze, rCorr}
rCold   . . .      Faith    .   (no shield)
rNeg    . . .      Spirit   .   b - +0 leather armour
rPois   .          Reflect  +   (no helmet)
rElec   .          Harm     .   (no cloak)
rCorr   +          Rampage  .   p - +0 pair of gloves
Will    .....                   (no boots)
Stlth   ++........              i - amulet of reflection
HPRegen 0.14/turn               (no ring)
MPRegen 0.18/turn               f - ring of magical power

@: no status effects
A: fangs 1, strong nose, distributed training
a: no special abilities


You were on level 4 of the Dungeon.
You visited 1 branch of the dungeon, and saw 4 of its levels.

You collected 189 gold pieces.


Innate Abilities, Weirdness & Mutations

You have very sharp teeth.
Your uncanny sense of smell can sniff out nearby items.
Your experience applies equally to all skills.


   Skills:
 + Level 4.8 Fighting
 + Level 1.6 Short Blades
 + Level 1.6 Long Blades
 + Level 1.6 Axes
 + Level 1.6 Maces & Flails
 + Level 1.6 Polearms
 + Level 1.6 Staves
 + Level 1.6 Slings
 + Level 1.6 Bows
 + Level 1.6 Crossbows
 + Level 1.6 Throwing
 + Level 1.6 Armour
 + Level 1.6 Dodging
 + Level 2.8 Stealth
 + Level 4.8 Shields
 + Level 1.6 Unarmed Combat
 + Level 7.3 Spellcasting
 + Level 1.2 Conjurations
 + Level 1.2 Hexes
 + Level 1.2 Summonings
 + Level 1.2 Necromancy
 + Level 1.2 Translocations
 + Level 1.2 Transmutations
 + Level 1.2 Fire Magic
 + Level 2.4 Ice Magic
 + Level 1.2 Air Magic
 + Level 1.2 Earth Magic
 + Level 1.2 Poison Magic
 + Level 1.8 Invocations
 + Level 1.6 Evocations


You had 17 spell levels left.
You knew the following spells:

 Your Spells              Type           Power      Damage    Failure   Level
z - Freeze                Ice            32%        1d5       9%          1

Your spell library contained the following spells:

 Spells                   Type           Power      Damage    Failure   Level
 Foxfire                  Conj/Fire      24%        2x1d5     14%         1
 Frozen Ramparts          Ice            16%        1d3       26%         3
 Ozocubu's Armour         Ice            8%         N/A       26%         3
 Ignite Poison            Fire/Tmut/Pois 6%         N/A       38%         3
 Stone Arrow              Conj/Erth      12%        3d7       38%         3

Inventory:

Hand Weapons
 a - the +7 dagger of Gluttony (weapon) {freeze, rCorr}

   It freezes those it strikes, dealing additional cold damage.
   It can also slow down cold-blooded creatures.
   rCorr:     It protects you from acid and corrosion.
 h - a +0 morningstar
 k - the +3 long sword "Buziredd" {drain, Will+ Stlth+} A truly terrible weapon, it drains the life of any living foe it strikes. Will: It increases your willpower. Stlth: It makes you more stealthy.
Armour
 b - a +0 leather armour (worn)
 c - a +0 buckler
 p - a +0 pair of gloves (worn)
Jewellery
 f - a ring of magical power (right hand)
 i - an amulet of reflection (around neck)
Scrolls
 e - 3 scrolls of identify {unknown}
 m - 2 scrolls of teleportation {unknown}
 o - a scroll of amnesia {unknown}
Potions
 d - 2 potions of resistance
 g - a potion of curing {@q1}
 j - 2 potions of magic {unknown}
 l - a potion of heal wounds {unknown}
 n - a potion of berserk rage {unknown}
 q - a potion of mutation {unknown}

Dungeon Overview and Level Annotations

Branches:
Dungeon (4/15)
 Temple: D:4-7

Altars:
Cheibriados
Zin

Shops:
D:3

* ▒........▒▒▒▒..▒
▒▒▒▒.▒▒.......▒
▒.▒▒▒▒..▒▒▒▒ ▒▒▒ ▒.▒
▒▒..▒ ..▒▒ ▒.▒ ▒▒.▒
. ...▒ ▒▒.▒ ▒.▒
▒..▒▒.. ▒▒..▒ ▒.▒▒ ▒
▒....o▒▒▒..▒▒ ▒▒▒..▒
▒ ▒.og)..▒▒▒
▒...▒▒▒▒
▒▒....†...▒▒▒.▒.....
▒▒▒..............▒▒
▒.▒▒▒......(...▒.
..▒▒.............
..▒▒▒.......▒▒▒..▒
.▒▒ ▒.▒.▒▒.▒▒▒....
.. ▒.▒.....▒....▒
.......)†..▒▒▒


You could see an orc priest and an orc.


Message History

An adder comes into view.
The orc hits you with a +0 flail! The orc priest hits you with a +0 club.
The adder moves out of view.
You hit the orc priest. You freeze the orc priest.
The orc priest is lightly wounded.
The orc misses you.
The orc priest calls down the wrath of Beogh upon you.
Beogh smites you!
* * * LOW HITPOINT WARNING * * *
You freeze the orc priest.
The orc priest is heavily wounded.
The orc hits you but does no damage.
The orc priest mumbles some strange prayers to Beogh against you.
Beogh smites you!
* * * LOW HITPOINT WARNING * * *
You freeze the orc priest.
The orc priest is severely wounded.
The orc hits you with a +0 flail!
* * * LOW HITPOINT WARNING * * *
The orc priest misses you.
Aiming: Freeze (safe; 9% risk of failure)
Aim: an orc priest, wielding a +0 club (severely wounded)
You freeze the orc priest.
The orc priest is almost dead.
The orc barely misses you.
The orc priest invokes the aid of Beogh against you.
Beogh smites you!
You die...

Action                   |  1- 3 |  4- 6 || total
-------------------------+-------+-------++-------
Melee: Dagger            |    43 |    60 ||   103
       Bite              |     8 |     4 ||    12
       Morningstar       |       |    22 ||    22
 Cast: Freeze            |    65 |    16 ||    81
  Use: Potion            |     1 |       ||     1
 Stab: Sleeping          |     1 |     7 ||     8
Armor: Leather armour    |    14 |    16 ||    30
Dodge: Dodged            |    50 |    44 ||    94
Block: Other             |       |    11 ||    11
       Reflection        |       |     1 ||     1

Levels and vault maps discovered:
D:1:      sevenhm_arrival_forest_fort_small_4, layout_basic
D:2:      layout_basic, chequers_mini_garden, uniq_terence
D:3:      layout_loops_ring, cheibriados_altar_1, zin_purify,
          dreamdust_ecumenical_altar_angels_and_demons, serial_park_tiny_pond,
          amcnicky_mini_rare_corridor_liquid, grunt_ministairs_2
D:4:      layout_rooms, elyvilon_altar_1, minmay_temple_entry_glass

Notes
Turn   | Place    | Note
-------+----------+-------------------------------------------
     0 | D:1      | sanka the Gnoll Wanderer began the quest for the Orb.
     0 | D:1      | sanka set off with the following items: a +0 dagger, a +0
                  | leather armour, a +0 buckler; and the following spells
                  | available to memorise: Freeze, Foxfire, Frozen Ramparts,
                  | Ozocubu's Armour, Ignite Poison, Stone Arrow
     0 | D:1      | Reached XP level 1. HP: 20/20 MP: 8/8
   347 | D:1      | Learned a level 1 spell: Freeze
   401 | D:1      | Reached skill level 2 in Ice Magic
   502 | D:1      | Reached XP level 2. HP: 25/26 MP: 10/10
  1077 | D:1      | Reached XP level 3. HP: 11/31 MP: 11/11
  1572 | D:2      | Reached skill level 1 in Invocations
  2075 | D:2      | Noticed Terence
  2080 | D:2      | HP: 1/31 [Terence (4)]
  2124 | D:2      | Killed Terence
  2125 | D:2      | Reached skill level 1 in Short Blades
  2125 | D:2      | Reached skill level 1 in Long Blades
  2125 | D:2      | Reached skill level 1 in Axes
  2125 | D:2      | Reached skill level 1 in Maces & Flails
  2125 | D:2      | Reached skill level 1 in Polearms
  2125 | D:2      | Reached skill level 1 in Staves
  2125 | D:2      | Reached skill level 1 in Slings
  2125 | D:2      | Reached skill level 1 in Bows
  2125 | D:2      | Reached skill level 1 in Crossbows
  2125 | D:2      | Reached skill level 1 in Throwing
  2125 | D:2      | Reached skill level 1 in Armour
  2125 | D:2      | Reached skill level 1 in Dodging
  2125 | D:2      | Reached skill level 1 in Unarmed Combat
  2125 | D:2      | Reached skill level 1 in Evocations
  2125 | D:2      | Reached XP level 4. HP: 14/38 MP: 13/13
  2934 | D:2      | Identified the +7 dagger of Gluttony {freeze, rCorr}
  3110 | D:3      | Identified the +3 long sword "Buziredd" {drain, Will+
                  | Stlth+}
  3142 | D:3      | Reached skill level 1 in Conjurations
  3142 | D:3      | Reached skill level 1 in Hexes
  3142 | D:3      | Reached skill level 1 in Summonings
  3142 | D:3      | Reached skill level 1 in Necromancy
  3142 | D:3      | Reached skill level 1 in Translocations
  3142 | D:3      | Reached skill level 1 in Transmutations
  3142 | D:3      | Reached skill level 1 in Fire Magic
  3142 | D:3      | Reached skill level 1 in Air Magic
  3142 | D:3      | Reached skill level 1 in Earth Magic
  3142 | D:3      | Reached skill level 1 in Poison Magic
  3188 | D:3      | Found a glowing silver altar of Zin.
  3223 | D:3      | Found Zin's Purification Station.
  3346 | D:3      | Found a faded altar of an unknown god.
  3362 | D:3      | Found a snail-covered altar of Cheibriados.
  3424 | D:3      | Reached XP level 5. HP: 43/43 MP: 14/14
  4078 | D:4      | HP: 2/43 [orc (7)]
  4079 | D:4      | Killed from afar by an orc priest

Vanquished Creatures
  An orc priest (D:3)
  An orc wizard (D:3)
  Terence (D:2)
  2 adders
  A gnoll (D:1)
  An ufetubus (D:4)
  2 worms (D:2)
  A dart slug (D:2)
  7 orcs
  7 bats
  5 endoplasms
  2 giant cockroaches
  4 goblins
  5 hobgoblins
  3 quokkas
  8 ball pythons
  6 frilled lizards
  6 kobolds
  8 rats
71 creatures vanquished.
